AoeStats
← Runxi24

Arena

504524268Analyzed
4v4 RM · 26d ago on Sep 5, 2026· 38m 13s· 8 players
Game mode
Random Map
Map size
Large (8 player)
Population
200
Speed
Normal
Resources
Standard
Victory
Conquest
Starting age
Dark Age
Ending age
Imperial Age
RankedLock teamsTeams togetherTeam positionsShared explorationLock speedFull tech treeHidden civsTurbo modeCheats
Victory
Defeat
🇦🇷 Spanish · Argentina
1352
+12
🇳🇱 Koreans · Netherlands
1322
+13
🇩🇪 Persians · Germany
1267
+15
🇪🇸 Poles · Spain
1256
+15
🇨🇳 Bohemians · China
1308
-16
1246
-14
🇮🇶 Cumans · Iraq
1242
-13
🇨🇳 Malay · China
1202
-12
The Spirit of Bonnie Blue
11:15 Feudal Age
9:35 Loom
15:15 Castle Age
13:52 Double-Bit Axe
15:18 Horse Collar
24:00 Gold Mining
27:39 Imperial Age
25:56 Fletching
26:06 Padded Archer Armor
27:54 Wheelbarrow
27:32 Heavy Plow
29:49 Chemistry
29:55 Leather Archer Armor
32:48 Thumb Ring
33:10 Bodkin Arrow
34:52 Crop Rotation
35:18 Bow Saw
38:11 Bracer
阿尔特留斯
10:40 Feudal Age
14:49 Castle Age
13:50 Double-Bit Axe
16:31 Bow Saw
16:35 Fervor
19:56 Horse Collar
21:51 Wheelbarrow
25:42 Fortified Wall
29:18 Imperial Age
26:38 Loom
26:38 Pikeman
29:19 Chemistry
28:14 Fletching
29:19 Hand Cart
30:21 Conscription
31:38 Two-Man Saw
31:07 Wagenburg Tactics
30:50 Treadmill Crane
32:59 Siege Engineers
33:15 Elite Hussite Wagon
34:10 Bodkin Arrow
33:54 Halberdier
36:00 Town Watch
36:39 Ballistics
36:22 Bracer
36:23 Scale Mail Armor
36:33 Forging
36:26 Padded Archer Armor
36:41 Houfnice
38:35 Chain Mail Armor
ahmady sulaymani
5:59 Loom
9:19 Feudal Age
10:17 Double-Bit Axe
10:23 Horse Collar
20:43 Castle Age
19:11 Gold Mining
20:15 Wheelbarrow
19:47 Stone Mining
25:40 Heavy Plow
28:21 Hand Cart
32:26 Imperial Age
30:50 Bow Saw
31:21 Gold Shaft Mining
31:06 Fletching
31:17 Padded Archer Armor
31:58 Bodkin Arrow
31:26 Pikeman
32:06 Squires
33:01 Leather Archer Armor
34:07 Two-Man Saw
33:47 Thumb Ring
34:08 Parthian Tactics
33:54 Bloodlines
34:07 Conscription
33:48 Steppe Husbandry
34:12 Ballistics
34:53 Chemistry
34:44 Crop Rotation
34:29 Guilds
34:49 Masonry
34:31 Town Watch
36:36 Ring Archer Armor
36:07 Light Cavalry
Salkeliet
12:25 Feudal Age
15:48 Castle Age
14:16 Double-Bit Axe
14:13 Horse Collar
15:39 Bow Saw
17:54 Loom
17:35 Elite Skirmisher
24:24 Wheelbarrow
26:41 Ballistics
26:16 Gold Mining
30:31 Imperial Age
28:45 Gold Shaft Mining
28:09 Fletching
28:23 Padded Archer Armor
28:17 Crossbowman
28:56 Bodkin Arrow
31:24 Chemistry
31:06 Padded Archer Armor
31:11 Stone Mining
31:34 Thumb Ring
31:41 Bracer
31:26 Arbalester
31:32 Pikeman
32:42 Conscription
33:20 Leather Archer Armor
33:16 Forging
34:01 Hand Cart
33:54 Squires
35:01 Ring Archer Armor
36:15 Siege Engineers
35:37 Halberdier
36:30 Man-at-Arms
Musti-IQ
10:33 Feudal Age
15:11 Castle Age
13:20 Double-Bit Axe
13:46 Horse Collar
14:42 Stone Mining
15:15 Loom
16:09 Wheelbarrow
15:50 Bow Saw
22:11 Loom
25:15 Hand Cart
25:46 Heavy Plow
27:24 Stone Shaft Mining
26:39 Gold Mining
30:28 Imperial Age
28:41 Scale Barding Armor
28:48 Forging
30:27 Chain Barding Armor
30:49 Iron Casting
30:07 Elite War Elephant
31:08 Conscription
32:03 Plate Barding Armor
32:15 Husbandry
32:27 Bloodlines
33:27 Gold Shaft Mining
34:36 Two-Man Saw
34:17 Crop Rotation
35:17 Blast Furnace
34:08 Fletching
Medina90
12:10 Feudal Age
15:37 Castle Age
13:55 Double-Bit Axe
15:31 Loom
18:57 Fletching
20:36 Horse Collar
22:42 Bodkin Arrow
24:37 Bow Saw
29:01 Wheelbarrow
28:40 Heavy Plow
29:32 Heated Shot
30:04 Ballistics
30:47 Town Watch
35:12 Imperial Age
33:00 Hand Cart
36:42 Conscription
35:56 Capped Ram
tiberio
10:04 Feudal Age
8:41 Loom
14:33 Castle Age
13:07 Double-Bit Axe
14:23 Horse Collar
15:44 Bow Saw
28:52 Wheelbarrow
31:00 Heavy Plow
30:52 Fletching
31:03 Padded Archer Armor
33:38 Imperial Age
32:01 Hand Cart
31:30 Elite Skirmisher
32:09 Bodkin Arrow
32:34 Leather Archer Armor
32:49 Gold Mining
33:22 Ballistics
33:46 Thumb Ring
34:26 Bracer
35:31 Chemistry
35:09 Conscription
36:24 Ring Archer Armor
38:17 Scale Mail Armor
37:39 Pikeman
38:19 Squires
Runxi24
6:33 Loom
11:00 Feudal Age
15:04 Castle Age
13:07 Double-Bit Axe
14:09 Horse Collar
16:22 Bow Saw
18:57 Wheelbarrow
20:21 Stone Mining
21:49 Scale Barding Armor
22:51 Gold Mining
23:40 Stone Shaft Mining
24:14 Chain Barding Armor
25:02 Forging
26:28 Bloodlines
26:22 Husbandry
26:45 Szlachta Privileges
30:05 Iron Casting
30:43 Fletching
34:32 Imperial Age
32:23 Hand Cart
34:51 Cavalier
35:29 Bodkin Arrow
36:38 Blast Furnace
36:40 Chemistry
36:46 Conscription
Connection lost

Rejoining the realm…

Still unreachable

The connection could not be restored.

Session expired

The server has moved on; the page needs a fresh start.